 Dungeon Crawl Stone Soup version 0.31-a0-1549-g5ff9445e89 (webtiles) character file.

Game seed: 11566560267792971672

111 bjtr the Digger (level 4, -1/24 HPs)
             Began as a Gargoyle Earth Elementalist on Jan 3, 2024.
             Slain by a gnoll
             ... wielding a +0 flail
              (9 damage)
             ... on level 2 of the Dungeon.
             The game lasted 00:08:03 (1461 turns).

bjtr the Digger (Gargoyle Earth Elementalist)       Turns: 1461, Time: 00:08:03

Health: -1/24      AC:  9    Str: 12    XL:     4   Next: 92%
Magic:  0/8        EV: 10    Int: 17    God:
Gold:   108        SH:  0    Dex: 10    Spells: 7/8 levels left

rFire   . . .        b - +0 hand axe
rCold   . . .        (no shield)
rNeg    + + .        f - +1 ring mail
rPois   ∞            (no helmet)
rElec   +            (no cloak)
rCorr   .            (no gloves)
SInv    .            (no boots)
Will    .....        (no amulet)
Stlth   +            j - ring of positive energy
HPRegen 0.24/turn    (no ring)
MPRegen 0.11/turn

%: no passive effects
@: no status effects
A: sickness immunity, AC +3, negative energy resistance 1, electricity
resistance, torment resistance 1, petrification resistance
a: no special abilities


You were on level 2 of the Dungeon.
You visited 1 branch of the dungeon, and saw 2 of its levels.

You collected 108 gold pieces.

Inventory:

Hand Weapons
 a - a +0 sling
 b - a +0 hand axe (weapon)
 e - a +0 short sword
 k - a +0 club
 o - a +0 dagger
Missiles
 i - 2 throwing nets
Armour
 c - a +0 scale mail
 d - a +0 robe
 f - a +1 ring mail (worn)
Jewellery
 j - a ring of positive energy (left hand)
Scrolls
 h - a scroll of amnesia
 m - 2 scrolls of revelation
Potions
 g - a potion of magic
 l - 2 potions of curing
 n - a potion of brilliance


   Skills:
 + Level 0.4 Fighting
 + Level 0.7 Armour
 + Level 2.0 Dodging
 + Level 3.0 Stealth
 + Level 2.9 Spellcasting
 + Level 1.1 Conjurations
 + Level 4.8 Earth Magic


You had 7 spell levels left.
You knew the following spells:

 Your Spells              Type           Power      Damage    Failure   Level
a - Sandblast             Erth           38%        2d10      5%          1

Your spell library contained the following spells:

 Spells                   Type           Power      Damage    Failure   Level
 Passwall                 Erth           19%        N/A       16%         3
 Stone Arrow              Conj/Erth      24%        3d8       34%         3
 Momentum Strike          Conj/Tloc      8%         3d8       43%         2
 Blink                    Tloc           4%         N/A       52%         2
 Lesser Beckoning         Tloc           4%         N/A       52%         2
 Brom's Barrelling Bould  Conj/Erth      12%        2d4       75%         4
 Inner Flame              Hex/Fire       2%         N/A       77%         3
 Petrify                  Alch/Erth      10%        N/A       83%         4
 Flame Wave               Conj/Fire      4%         2d5       97%         4
 Sticky Flame             Fire/Alch      2%         2d4       99%         4


Dungeon Overview and Level Annotations

Branches:
Dungeon (2/15)

Altars:


Innate Abilities, Weirdness & Mutations

You are immune to sickness and miasma.
Your stone body is resilient. (AC +3)
You are immune to poison.
You resist negative energy. (rN+)
You are resistant to electric shocks. (rElec)
You are resistant to unholy torment.
You are immune to petrification.


Message History

Confirm with . or Enter, or press ? or * to list all spells.
Aiming: Sandblast (safe; 5% risk of failure)
Press: ? - help, Shift-Dir - straight line, f/p - gnoll
Aim: a gnoll, wielding a +0 flail (84% to hit)
The blast of sand hits the gnoll!
The gnoll is heavily wounded.
The gnoll throws a throwing net.
The throwing net hits you.
You become entangled in the net!
Casting: Sandblast (safe; 5% risk of failure)
Confirm with . or Enter, or press ? or * to list all spells.
Aiming: Sandblast (safe; 5% risk of failure)
Press: ? - help, Shift-Dir - straight line, f/p - gnoll
Aim: a gnoll, wielding a +0 flail (84% to hit)
The blast of sand hits the gnoll.
The gnoll is almost dead.
The gnoll hits you from afar with a +0 halberd!
The gnoll barely misses you.
Your magical contamination has completely faded away.
Unknown command.
Casting: Sandblast (safe; 5% risk of failure)
Confirm with . or Enter, or press ? or * to list all spells.
Aiming: Sandblast (safe; 5% risk of failure)
Press: ? - help, Shift-Dir - straight line, f/p - gnoll
Aim: a gnoll, wielding a +0 flail (84% to hit)
The blast of sand hits the gnoll!
You kill the gnoll!
Your Stealth skill increases to level 3!
Unknown command.
Unknown command.
Casting: Sandblast (safe; 5% risk of failure)
Confirm with . or Enter, or press ? or * to list all spells.
Aiming: Sandblast (safe; 5% risk of failure)
Press: ? - help, Shift-Dir - straight line, f/p - gnoll
Aim: a gnoll, wielding a +0 flail (84% to hit)
The blast of sand misses the gnoll.
The gnoll hits you with a +0 flail.
Unknown command.
You struggle against the net.
The gnoll barely misses you.
You struggle against the net.
The gnoll hits you with a +0 flail.
You rip the net and break free!
The gnoll hits you with a +0 flail!
You die...

#.# #.# *,*,***########..
######.####.# *.#,* ##.
#....(......# *.#,* #.
#.####.###### *.#,* ####.
#.# #.# *.#,* #.... #.# #.#
*.#,* #.### #.# #.# *)#,*
#.# ##.# #.#########g#.#
####.# ...# #.........@.#.#
#....# .##################.#
#.#### .# ##.## #.# #.#
.###.#.## #.# #.# .##.###.##
#.# #.# .#.##
##.##########.## #.# ..##
##........b...# #.# .#.##
##.##########..# #.#
....###.##########...#####.#


You could see a gnoll.

Vanquished Creatures
  Natasha (twice) (D:2)
  3 gnolls (D:2)
  A dart slug (D:1)
  5 bats
  2 endoplasms (D:2)
  A giant cockroach (D:1)
  2 goblins (D:1)
  4 hobgoblins
  A kobold (D:1)
  2 quokkas (D:2)
  2 ball pythons (D:1)
  3 frilled lizards
  5 rats
33 creatures vanquished.

Notes
Turn   | Place    | Note
-------+----------+-------------------------------------------
     0 | D:1      | bjtr the Gargoyle Earth Elementalist began the quest for
                  | the Orb.
     0 | D:1      | Reached XP level 1. HP: 10/10 MP: 3/3
   259 | D:1      | Reached XP level 2. HP: 15/15 MP: 1/5
   379 | D:1      | Reached skill level 4 in Earth Magic
  1076 | D:2      | Noticed Natasha
  1078 | D:2      | Killed Natasha
  1079 | D:2      | Reached XP level 3. HP: 19/19 MP: 3/6
  1102 | D:2      | Noticed Natasha
  1105 | D:2      | Killed Natasha
  1106 | D:2      | Reached XP level 4. HP: 24/24 MP: 4/8
  1185 | D:2      | Found a faded altar of an unknown god.
  1461 | D:2      | Slain by a gnoll

Illustrated notes

Levels and vault maps discovered:
D:1:      dpeg_cavernosity, layout_rooms, serial_forest,
          infiniplex_forest_end_3, infiniplex_forest_lined_2,
          infiniplex_forest_join, infiniplex_forest_straight_1,
          infiniplex_forest_lined_room_, infiniplex_forest_lined_corner,
          infiniplex_forest_clump_tiny, infiniplex_forest_end_2,
          infiniplex_forest_lined_room_3, minmay_tripent
D:2:      layout_loops_ring, hellmonk_ecumenical_altar_arch_garden, uniq_natasha

Skill      XL: |  1  2  3  4 |
---------------+-------------+-----
Earth Magic    | 4 |  4.8
Dodging        | 2 |  2.0
Stealth        | 3 |  3.0
Fighting       | |  0.4
Armour         | |  0.7
Spellcasting   | |  2.9
Conjurations   | |  1.1

Action                     |  1- 3 |  4- 6 || total
---------------------------+-------+-------++-------
  Melee: Dagger            |    30 |     9 ||    39
         Hand axe          |       |    24 ||    24
   Fire: Sling             |    19 |       ||    19
   Cast: Sandblast         |    12 |     8 ||    20
    Use: Scroll            |     3 |     4 ||     7
   Stab: Sleeping          |     3 |       ||     3
 Armour: Robe              |    10 |       ||    10
         Ring mail         |    16 |    24 ||    40
  Dodge: Dodged            |    34 |    20 ||    54

Table legend: (Time is in decaauts)
 A = Elapsed time spent in this place.
 B = Non-inter-level travel time spent in this place.
 C = Inter-level travel time spent in this place.
 D = Time resting spent in this place.
 E = Time spent auto-exploring this place.
 F = Levels seen in this place.
 G = Mean time per level.
                   A        B        C        D        E       F      G
               +--------+--------+--------+--------+--------+-----+--------+
         Total |   1482 |   1466 |     16 |      0 |   1088 |   2 |  741.0 |
       Dungeon |   1482 |   1466 |     16 |      0 |   1088 |   2 |  741.0 |
               +--------+--------+--------+--------+--------+-----+--------+

Top non-repeatable levels by time:
     D:1: 876 daAuts
     D:2: 606 daAuts
